 Dungeon Crawl Stone Soup version 0.22-a0-268-g1cc83ef (webtiles) character file.

886 tidbits the Insei (level 8, -2/60 HPs)
             Began as a Gnoll Transmuter on Mar 9, 2018.
             Killed from afar by an orc wizard (8 damage)
             ... with a magic dart
             ... on level 6 of the Dungeon.
             The game lasted 00:08:34 (919 turns).

tidbits the Insei (Gnoll Transmuter)                 Turns: 919, Time: 00:08:35

Health: -2/60      AC:  2    Str: 11    XL:     8   Next: 5%
Magic:  10/16      EV: 31    Int: 17    God:
Gold:   101        SH:  0    Dex: 26    Spells: 12/18 levels left

rFire    . . .     SeeInvis .     - Unarmed
rCold    . . .     Gourm    .   (shield currently unavailable)
rNeg     . . .     Faith    .   (armour currently unavailable)
rPois    x         Spirit   .   (helmet currently unavailable)
rElec    .         Reflect  .   (cloak currently unavailable)
rCorr    .         Harm     .   (gloves currently unavailable)
MR       .....                  (boots currently unavailable)
Stlth    +++++.....             (no amulet)
HPRegen  0.20/turn              o - -2 ring of strength (curse)
MPRegen  0.15/turn              c - ring of stealth

@: agile, spider-form (expiring), very slightly contaminated, slowed, very slow
A: tiny, distributed training, strong nose
a: End Transformation


You were on level 6 of the Dungeon.
You were not hungry.
You were a venomous arachnid creature.
You visited 1 branch of the dungeon, and saw 7 of its levels.

You collected 101 gold pieces.

Inventory:

Hand Weapons
 k - a +1 dagger
 u - a +2 dagger of holy wrath
   (You took it off an orc wizard on level 6 of the Dungeon)
Missiles
 a - 50 arrows
 l - 14 stones
 n - 17 tomahawks
 s - 5 javelins (quivered)
Armour
 h - a cursed +0 ring mail
 t - a +2 ring mail of poison resistance
   (You took it off an orc on level 6 of the Dungeon)
 B - a +0 robe (melded)
 E - a +2 helmet (melded)
Jewellery
 c - a ring of stealth (right front leg)
   (You found it on level 4 of the Dungeon)
 o - a cursed -2 ring of strength (left front leg)
   (You found it on level 3 of the Dungeon)
Wands
 p - a wand of iceblast (8)
Scrolls
 b - 2 scrolls of teleportation
 e - a scroll of fog
 i - a scroll of enchant weapon
 j - a scroll of immolation
 m - a scroll of fear
Potions
 f - a potion of heal wounds
 g - a potion of berserk rage {unknown}
 r - a potion of flight
Comestibles
 d - 6 rations


   Skills:
 + Level 3.9 Fighting
 + Level 2.8 Short Blades
 + Level 2.8 Long Blades
 + Level 2.8 Axes
 + Level 2.8 Maces & Flails
 + Level 2.8 Polearms
 + Level 2.8 Staves
 + Level 2.8 Slings
 + Level 2.8 Bows
 + Level 2.8 Crossbows
 + Level 2.8 Throwing
 + Level 2.8 Armour
 + Level 5.4 Dodging
 + Level 2.8 Stealth
 + Level 2.8 Shields
 + Level 7.2 Unarmed Combat
 + Level 5.8 Spellcasting
 + Level 2.3 Conjurations
 + Level 2.3 Hexes
 + Level 2.3 Charms
 + Level 2.3 Summonings
 + Level 2.3 Necromancy
 + Level 2.3 Translocations
 + Level 4.5 Transmutations
 + Level 2.3 Fire Magic
 + Level 2.3 Ice Magic
 + Level 2.3 Air Magic
 + Level 2.3 Earth Magic
 + Level 2.3 Poison Magic
 + Level 3.1 Invocations
 + Level 2.8 Evocations


You had 12 spell levels left.
You knew the following spells:

 Your Spells              Type           Power        Failure   Level  Hunger
e - Beastly Appendage     Tmut           ###...       8%          1    None
k - Sticks to Snakes      Tmut           ###.....     11%         2    #......
p - Spider Form           Tmut/Pois      ###.......   24%         3    ##.....


Dungeon Overview and Level Annotations

Branches:
Dungeon (7/15)
 Temple: D:4-7

Altars:

Shops:
D:4 [   D:6 [

Annotations:
D:6 Menkaure


Innate Abilities, Weirdness & Mutations

Your experience applies equally to all skills.
((You have very sharp teeth.))
Your uncanny sense of smell can sniff out nearby items.


Message History

You hit the orc warrior.
The orc warrior looks as sick as possible!
The orc warrior is moderately wounded.
You bite the orc warrior!
The orc warrior looks as sick as possible!
The orc warrior is severely wounded.
The orc warrior misses you.
The orc wizard casts a spell.
The orc wizard blinks!
You bite the orc warrior!
You kill the orc warrior!
Your Invocations skill increases to level 3!
You hit the bullfrog.
The bullfrog is poisoned.
The bullfrog is lightly wounded.
Your transformation has ended.
Your +2 helmet unmelds from your body.
Your +0 robe unmelds from your body.
The bullfrog misses you. The bullfrog completely misses you.
Casting: Spider Form (safe; 10% risk of failure)
Confirm with . or Enter, or press ? or * to list all spells.
You miscast Spider Form.
You are very lightly contaminated with residual magic.
You feel faint for a moment. The bullfrog hits you.
An orc wizard comes into view. It is wielding a dagger.
Casting: Spider Form (safe; 10% risk of failure)
Confirm with . or Enter, or press ? or * to list all spells.
You turn into a venomous arachnid creature.
Your +2 helmet melds into your body.
Your +0 robe melds into your body.
The orc wizard shouts!
You hear a shout!
The bullfrog completely misses you. x2
You barely miss the bullfrog.
The bullfrog is moderately wounded.
The bullfrog completely misses you.
You bite the bullfrog!
The bullfrog looks even sicker.
The bullfrog is severely wounded.
The bullfrog hits you!
* * * LOW HITPOINT WARNING * * *
You hit the bullfrog.
The bullfrog looks as sick as possible!
The bullfrog is severely wounded.
The bullfrog completely misses you.
The orc wizard casts a spell.
The orc wizard blinks!
The bullfrog hits you.
* * * LOW HITPOINT WARNING * * *
You bite the bullfrog!
You kill the bullfrog!
The orc wizard gestures at you while chanting.
You feel yourself slow down.
You closely miss the orc wizard. The orc wizard hits you with a dagger.
* * * LOW HITPOINT WARNING * * *
You bite the orc wizard!
The orc wizard is poisoned.
The orc wizard is heavily wounded.
The orc priest calls upon Beogh to heal the orc wizard.
The orc wizard is healed somewhat.
The orc wizard completely misses you.
You hit the orc wizard.
The orc wizard is lightly wounded.
The orc wizard hits you with a dagger.
* * * LOW HITPOINT WARNING * * *
The orc wizard completely misses you.
The orc priest calls upon Beogh to heal the orc wizard.
The orc wizard's wounds heal themselves!
The orc wizard mumbles some strange words.
The orc wizard seems to speed up.
You bite the orc wizard!
The orc wizard looks as sick as possible!
The orc wizard is severely wounded.
The orc wizard completely misses you.
The orc wizard points at you and mumbles some strange words.
You resist with some effort. The orc wizard completely misses you.
The orc wizard closely misses you.
You barely miss the orc wizard.
The orc wizard is almost dead.
You kill the orc wizard!
You have reached level 8!
You feel stronger. The orc wizard barely misses you.
The orc wizard gestures wildly while chanting.
The orc wizard blinks!
The orc priest completely misses you.
You barely miss the orc priest.
Your transformation is almost over.
The orc priest completely misses you.
You bite the orc priest!
The orc priest is poisoned.
The orc priest is severely wounded.
The orc priest barely misses you.
You hit the orc priest.
You kill the orc priest!
The orc wizard misses you.
You hit the orc wizard.
The orc wizard is moderately wounded.
The orc wizard casts a spell at you. The magic dart hits you!
* * * LOW HITPOINT WARNING * * *
The orc wizard completely misses you.
Menkaure points at you and mumbles some strange words.
Pain shoots through your body!
* * * LOW HITPOINT WARNING * * *
You hit the orc wizard.
The orc wizard is poisoned.
The orc wizard is heavily wounded.
The orc wizard completely misses you. The orc wizard casts a spell at you.
The magic dart hits you!
You die...

#..# #8.# #### #..# #..
#..# #.# ∆ #∩.#########.##
..............#
......######..# #8.##.#
###..###### #..##.#
#.....osM)# #..##.#
#.....####.###.###
##.##.##......####........
#.##.#...........####....
#.##.#...........<.# ##
..#.#....####.#.# #.##.#.
#o#># #.#. #M#.# F...?


You could see Menkaure and an orc wizard.

Vanquished Creatures
  An orc warrior (D:6)
  An ogre (D:5)
  A phantom (D:5)
  2 bullfrogs (D:6)
  A crimson imp (D:6)
  A centaur zombie (D:6)
  An orc priest (D:6)
  3 worker ants
  Natasha (D:2)
  4 orc wizards (D:6)
  An adder zombie (D:5)
  A leopard gecko (D:3)
  18 orcs
  A giant cockroach (D:1)
  3 goblins
  4 hobgoblins
  4 jackals (D:1)
  2 kobolds (D:1)
  A quokka (D:2)
  A ball python (D:6)
  3 bats
  2 frilled lizards (D:1)
  A leopard gecko skeleton (D:4)
  3 rats
61 creatures vanquished.

Vanquished Creatures (collateral kills)
  A wraith (D:6)
1 creature vanquished.

Grand Total: 62 creatures vanquished

Notes
Turn   | Place    | Note
-------+----------+-------------------------------------------
     0 | D:1      | tidbits the Gnoll Transmuter began the quest for the Orb.
     0 | D:1      | Reached XP level 1. HP: 17/17 MP: 6/6
    93 | D:2      | Noticed Natasha
   139 | D:1      | Reached XP level 2. HP: 18/23 MP: 5/7
   143 | D:1      | Learned a level 2 spell: Sticks to Snakes
   271 | D:2      | Reached XP level 3. HP: 15/28 MP: 6/9
   276 | D:2      | Learned a level 3 spell: Spider Form
   298 | D:2      | Killed Natasha
   298 | D:2      | Reached skill level 5 in Spellcasting
   298 | D:2      | Reached skill level 1 in Invocations
   325 | D:3      | Reached skill level 1 in Short Blades
   325 | D:3      | Reached skill level 1 in Long Blades
   325 | D:3      | Reached skill level 1 in Axes
   325 | D:3      | Reached skill level 1 in Maces & Flails
   325 | D:3      | Reached skill level 1 in Polearms
   325 | D:3      | Reached skill level 1 in Staves
   325 | D:3      | Reached skill level 1 in Slings
   325 | D:3      | Reached skill level 1 in Bows
   325 | D:3      | Reached skill level 1 in Crossbows
   325 | D:3      | Reached skill level 1 in Throwing
   325 | D:3      | Reached skill level 1 in Armour
   325 | D:3      | Reached skill level 1 in Stealth
   325 | D:3      | Reached skill level 1 in Shields
   325 | D:3      | Reached skill level 1 in Evocations
   358 | D:4      | Found Soraesy's Antique Armour Boutique.
   410 | D:4      | Reached XP level 4. HP: 9/34 MP: 2/11
   416 | D:5      | Entered Level 5 of the Dungeon
   416 | D:5      | Noticed a centaur
   503 | D:5      | Noticed a phantom
   521 | D:5      | Killed a phantom
   521 | D:5      | Reached skill level 3 in Fighting
   521 | D:5      | Reached skill level 1 in Conjurations
   521 | D:5      | Reached skill level 1 in Hexes
   521 | D:5      | Reached skill level 1 in Charms
   521 | D:5      | Reached skill level 1 in Summonings
   521 | D:5      | Reached skill level 1 in Necromancy
   521 | D:5      | Reached skill level 1 in Translocations
   521 | D:5      | Reached skill level 4 in Transmutations
   521 | D:5      | Reached skill level 1 in Fire Magic
   521 | D:5      | Reached skill level 1 in Ice Magic
   521 | D:5      | Reached skill level 1 in Air Magic
   521 | D:5      | Reached skill level 1 in Earth Magic
   521 | D:5      | Reached skill level 1 in Poison Magic
   521 | D:5      | Reached XP level 5. HP: 17/41 MP: 4/12
   553 | D:5      | Noticed an ogre
   559 | D:5      | Killed an ogre
   559 | D:5      | Reached skill level 2 in Invocations
   559 | D:5      | Reached XP level 6. HP: 26/47 MP: 6/13
   565 | D:6      | Noticed Menkaure
   566 | D:6      | Noticed an orc warrior
   650 | D:6      | Reached skill level 5 in Dodging
   691 | D:6      | Noticed a wraith
   711 | D:6      | Killed a wraith
   711 | D:6      | Reached skill level 2 in Short Blades
   711 | D:6      | Reached skill level 2 in Long Blades
   711 | D:6      | Reached skill level 2 in Axes
   711 | D:6      | Reached skill level 2 in Maces & Flails
   711 | D:6      | Reached skill level 2 in Polearms
   711 | D:6      | Reached skill level 2 in Staves
   711 | D:6      | Reached skill level 2 in Slings
   711 | D:6      | Reached skill level 2 in Bows
   711 | D:6      | Reached skill level 2 in Crossbows
   711 | D:6      | Reached skill level 2 in Throwing
   711 | D:6      | Reached skill level 2 in Armour
   711 | D:6      | Reached skill level 2 in Stealth
   711 | D:6      | Reached skill level 2 in Shields
   711 | D:6      | Reached skill level 2 in Evocations
   711 | D:6      | Reached XP level 7. HP: 39/52 MP: 11/15
   783 | D:6      | Reached skill level 7 in Unarmed Combat
   793 | D:6      | Reached skill level 2 in Conjurations
   793 | D:6      | Reached skill level 2 in Hexes
   793 | D:6      | Reached skill level 2 in Charms
   793 | D:6      | Reached skill level 2 in Summonings
   793 | D:6      | Reached skill level 2 in Necromancy
   793 | D:6      | Reached skill level 2 in Translocations
   793 | D:6      | Reached skill level 2 in Fire Magic
   793 | D:6      | Reached skill level 2 in Ice Magic
   793 | D:6      | Reached skill level 2 in Air Magic
   793 | D:6      | Reached skill level 2 in Earth Magic
   793 | D:6      | Reached skill level 2 in Poison Magic
   843 | D:6      | Found Pugykonot's Antique Armour Shop.
   902 | D:6      | Reached skill level 3 in Invocations
   914 | D:6      | Reached XP level 8. HP: 24/60 MP: 9/16
   918 | D:6      | HP: 6/60 [Menkaure/nerve-wracking pain (14)]
   919 | D:6      | Killed from afar by an orc wizard

Vault maps used:
D:1:      giann_wishing_wells
D:2:      zin_statuary, chequers_ecumenical_altar_twisty, uniq_natasha
D:3:      cheibrodos_pilgrimage, nicolae_gozag_cash_rules_everything_around_me
D:4:      minmay_temple_entry_grid, first_ration, serial_shops,
          nicolae_shop_crystal, minmay_close_crescents
D:6:      serial_shops, shop_statue, uniq_menkaure
D:7:      serial_shops, shop

Skill      XL: |  1  2  3  4  5  6  7 |
---------------+----------------------+-----
Spellcasting   | 5 |  5.8
Invocations    | 1 2 3 |  3.1
Short Blades   | 1 2 |  2.8
Long Blades    | 1 2 |  2.8
Axes           | 1 2 |  2.8
Maces & Flails | 1 2 |  2.8
Polearms       | 1 2 |  2.8
Staves         | 1 2 |  2.8
Slings         | 1 2 |  2.8
Bows           | 1 2 |  2.8
Crossbows      | 1 2 |  2.8
Throwing       | 1 2 |  2.8
Armour         | 1 2 |  2.8
Stealth        | 1 2 |  2.8
Shields        | 1 2 |  2.8
Evocations     | 1 2 |  2.8
Fighting       | 3 |  3.9
Conjurations   | 1 2 |  2.3
Hexes          | 1 2 |  2.3
Charms         | 1 2 |  2.3
Summonings     | 1 2 |  2.3
Necromancy     | 1 2 |  2.3
Translocations | 1 2 |  2.3
Transmutations | 4 |  4.5
Fire Magic     | 1 2 |  2.3
Ice Magic      | 1 2 |  2.3
Air Magic      | 1 2 |  2.3
Earth Magic    | 1 2 |  2.3
Poison Magic   | 1 2 |  2.3
Dodging        | 5 |  5.4
Unarmed Combat | 7 |  7.2

Action                   |  1- 3 |  4- 6 |  7- 9 || total
-------------------------+-------+-------+-------++-------
Melee: Unarmed           |    55 |    53 |    67 ||   175
       Kick              |     6 |       |       ||     6
       Headbutt          |     5 |       |       ||     5
       Bite              |     1 |       |       ||     1
       Punch             |     1 |       |       ||     1
 Cast: Beastly Appendage |    10 |       |       ||    10
       Sticks to Snakes  |     3 |     2 |     1 ||     6
       Spider Form       |     3 |     7 |     6 ||    16
 Abil: End Transformatio |       |     1 |       ||     1
  Use: Scroll            |       |     6 |       ||     6
       Potion            |       |       |     2 ||     2
 Stab: Sleeping          |       |     1 |       ||     1
  Eat: Ration            |     1 |       |       ||     1
Armor: Robe              |    10 |       |       ||    10
       Skin              |     1 |     4 |     2 ||     7
Dodge: Dodged            |    30 |    38 |    67 ||   135

Table legend:
 A = Spawn XP
 B = Non-spawn XP
 C = Spawn XP percentage of total XP
 D = Spawn monster count
 E = Non-spawn monster count
 F = Spawn count percentage of total count
 G = Total turns spent on level
                    A         B        C        D         E        F      G
               +---------+---------+-------+---------+---------+-------+---------
         Total |       0 |    1267 |   0.0 |       0 |      62 |   0.0 |   919
               +---------+---------+-------+---------+---------+-------+---------
           D:1 |       0 |      25 |   0.0 |       0 |      15 |   0.0 |   208
           D:2 |       0 |      45 |   0.0 |       0 |       8 |   0.0 |    99
           D:3 |       0 |      11 |   0.0 |       0 |       4 |   0.0 |    64
           D:4 |       0 |      40 |   0.0 |       0 |       3 |   0.0 |   110
           D:5 |       0 |     242 |   0.0 |       0 |       4 |   0.0 |    98
           D:6 |       0 |     867 |   0.0 |       0 |      27 |   0.0 |   302
           D:7 |       0 |      37 |   0.0 |       0 |       1 |   0.0 |    38
               +---------+---------+-------+---------+---------+-------+---------

Table legend:
 A = Turns spent in this place as a percentage of turns spent in the entire game.
 B = Non-inter-level travel turns spent in this place as a percentage of non-inter-level travel turns spent in the entire game.
 C = Inter-level travel turns spent in this place as a percentage of turns spent in this place.
 D = Turns resting spent in this place as a percentage of non-inter-level travel turns spent in this place.
 E = Turns spent auto-exploring this place as a percentage of non-inter-level travel turns spent in this place.
 F = Non-inter-level travel turns spent in this place divided by the number of levels of this place that you've seen.
                   A       B       C       D       E      F
               +-------+-------+-------+-------+-------+----------------------
         Total | 100.0 | 100.0 |   0.0 |   0.0 |   0.0 | 131.3
       Dungeon | 100.0 | 100.0 |   0.0 |   0.0 |   0.0 | 131.3
               +-------+-------+-------+-------+-------+----------------------

Table legend:
 A = Kills in this place as a percentage of kills in entire the game.
 B = Kills by you in this place as a percentage of kills by you in the entire game.
 C = Kills by friends in this place as a percentage of kills by friends in the entire game.
 D = Other kills in this place as a percentage of other kills in the entire game.
 E = Experience gained in this place as a percentage of experience gained in the entire game.
 F = Experience gained in this place divided by the number of levels of this place that you have seen.
                   A       B       C       D       E      F
               +-------+-------+-------+-------+-------+----------------------
         Total | 100.0 | 100.0 | 100.0 |   N/A | 100.0 | 181.0
       Dungeon | 100.0 | 100.0 | 100.0 |   N/A | 100.0 | 181.0
               +-------+-------+-------+-------+-------+----------------------

Vault maps used:
D:1:      giann_wishing_wells
D:2:      zin_statuary, chequers_ecumenical_altar_twisty, uniq_natasha
D:3:      cheibrodos_pilgrimage, nicolae_gozag_cash_rules_everything_around_me
D:4:      minmay_temple_entry_grid, first_ration, serial_shops,
          nicolae_shop_crystal, minmay_close_crescents
D:6:      serial_shops, shop_statue, uniq_menkaure
D:7:      serial_shops, shop
